 Dungeon Crawl Stone Soup version 0.26.1-2-gb8aa6d0cf2 (webtiles) character file.

Game seed: 16817246901274193920

8755 dohliylev the Cleaver (level 11, -1/100 HPs)
             Began as a Minotaur Berserker on Mar 27, 2021.
             Was a High Priest of Trog.
             Slain by an unseen horror (5 damage)
             ... on level 9 of the Dungeon.
             The game lasted 00:15:41 (9467 turns).

dohliylev the Cleaver (Minotaur Berserker)          Turns: 9467, Time: 00:15:42

Health: -1/100     AC: 10    Str: 30    XL:     11   Next: 14%
Magic:  10/10      EV: 16    Int:  4    God:    Trog [*****.]
Gold:   524        SH: 16    Dex:  5    Spells: 10/10 levels left

rFire    . . .     SeeInvis .   I - +0 broad axe
rCold    . . .     Faith    .   E - +0 tower shield
rNeg     . . .     Spirit   .   F - +1 ring mail "Dugiu" {Str+5 Dex-5} (curse)
rPois    .         Reflect  .   (helmet restricted)
rElec    .         Harm     .   N - +0 cloak
rCorr    .         Rampage  .   p - +0 pair of gloves
Will     ++...                  (no boots)
Stlth    ..........             (no amulet)
HPRegen  1.26/turn              c - +4 ring of evasion
MPRegen  0.12/turn              w - +4 ring of evasion

@: berserk cooldown, regenerating, slowed, very slow
A: retaliatory headbutt, horns 2
a: Renounce Religion, Berserk, Trog's Hand, Brothers in Arms


You were on level 9 of the Dungeon.
You worshipped Trog.
Trog was extremely pleased with you.
You visited 2 branches of the dungeon, and saw 11 of its levels.

You collected 524 gold pieces.

Inventory:

Hand Weapons
 I - a +0 broad axe (weapon)
Armour
 g - a +1 chain mail of cold resistance
 p - a +0 pair of gloves (worn)
 B - a +0 chain mail of willpower
 E - a +0 tower shield (worn)
 F - the cursed +1 ring mail "Dugiu" (worn) {Str+5 Dex-5}
   (You found it on level 7 of the Dungeon)

   It affects your strength (+5).
   It affects your dexterity (-5).
   It has a curse placed upon it.
 N - a +0 cloak (worn)
Jewellery
 c - a +4 ring of evasion (left hand)
 k - an uncursed ring of poison resistance
 o - an uncursed ring of fire
 w - a +4 ring of evasion (right hand)
Wands
 q - a wand of polymorph (6)
 D - a wand of iceblast (7)
 L - a wand of disintegration (7)
Scrolls
 a - 3 scrolls of remove curse {unknown}
 b - 2 scrolls of fear {unknown}
 d - 2 scrolls of immolation {unknown}
 f - 5 scrolls of teleportation {unknown}
 h - 3 scrolls of magic mapping {unknown}
 j - 2 scrolls of enchant armour {unknown}
 l - 10 scrolls of identify {unknown}
 n - 3 scrolls of fog {unknown}
 s - a scroll of brand weapon {unknown}
 v - 3 scrolls of enchant weapon {unknown}
 y - a scroll of blinking {unknown}
 z - 2 scrolls of amnesia {unknown}
 H - a scroll of random uselessness {unknown}
 K - a scroll of vulnerability {unknown}
Potions
 e - 6 potions of curing {unknown}
 i - 3 potions of ambrosia {unknown}
 m - 3 potions of heal wounds
 r - a potion of attraction {unknown}
 t - 3 potions of invisibility {unknown}
 u - 2 potions of cancellation {unknown}
 x - a potion of haste {unknown}
 A - a potion of flight {unknown}
 C - a potion of mutation {unknown}


   Skills:
 + Level 10.3 Fighting
 + Level 14.9 Axes
 + Level 6.9 Armour
 + Level 4.8 Dodging
 + Level 6.1 Shields


You had 10 spell levels left.
You didn't know any spells.
Your spell library was empty.

Dungeon Overview and Level Annotations

Branches:
Dungeon (10/15)            Temple (1/1) D:7            Lair (0/6) D:10
    Orc: D:9-12

Altars:
Fedhas
Gozag
Makhleb
Wu Jian

Shops:
D:4 ?*

Annotations:
D:3 2 transporters, kuzco6543's ghost, amateur OgAE


Innate Abilities, Weirdness & Mutations

You reflexively headbutt those who attack you in melee.
You have a pair of horns on your head.


Message History

You are no longer berserk.
You are exhausted.
You feel yourself slow down. Something barely misses you. Something hits you.
* * * LOW HITPOINT WARNING * * *
Something hits you but does no damage.
You barely miss something. Your headbutt misses something. Something hits you!
* * * LOW HITPOINT WARNING * * *
Something hits you.
* * * LOW HITPOINT WARNING * * *
Your skin crawls.
You feel strong-willed. You block something's attack.
You block something's attack. Something hits you.
* * * LOW HITPOINT WARNING * * *
Something hits you!
* * * LOW HITPOINT WARNING * * *
Something hits you.
You die...

########## #..........######
#..........##...##
####...######.#.###.#
#...............# #.#
#..........##.#.###.#
#.........###.#....########
#..........@...........#
#..........#...#######.#####
#...#########.## #.#...#
##...## #.# #...#.# #.....#
#.# ###...# ## ##...## ##'##
##)## .# ##.## ##...## #)#
.# #.## ##.....## ###.# .#
#..## ##.......## ##.#.#


There were no monsters in sight!

Vanquished Creatures
  2 two-headed ogres
  A cyclops (D:10)
  A centaur skeleton (D:10)
  A troll (D:9)
  A wyvern (D:10)
  3 yaks (D:8)
  Grum (D:8)
  3 wargs (D:10)
  A water moccasin (D:6)
  4 orc warriors
  An ice beast (D:9)
  2 phantoms
  2 sky beasts
  7 ogres
  An eye of draining (D:10)
  4 wolves (D:8)
  3 necrophages
  6 centaurs
  2 big kobolds (D:10)
  3 bullfrogs
  A scorpion (D:4)
  6 killer bees (D:10)
  13 wights
  A howler monkey (D:4)
  A centaur zombie (D:10)
  A bullfrog zombie (D:9)
  A quasit (D:7)
  3 hounds
  7 orc priests
  2 jellies (D:10)
  3 orc wizards
  6 bullfrog skeletons
  5 iguanas
  Natasha (twice) (D:2)
  6 worker ants
  A killer bee zombie (D:9)
  A hound zombie (D:6)
  5 hound skeletons
  Robin (D:2)
  A worker ant zombie (D:8)
  15 gnolls
  8 adders
  4 river rats (D:5)
  2 shadow imps
  7 white imps
  4 ufetubi
  2 oozes
  3 adder zombies
  2 adder skeletons
  2 worms
  3 dart slugs
  2 leopard geckos
  52 orcs
  3 bats
  5 giant cockroaches
  13 goblins
  12 hobgoblins
  3 jackals (D:5)
  10 kobolds
  7 quokkas
  4 frilled lizards
  A jackal skeleton (D:5)
  A jackal zombie (D:6)
  13 rats
294 creatures vanquished.

Vanquished Creatures (others)
  4 plants
4 creatures vanquished.

Grand Total: 298 creatures vanquished

Notes
Turn   | Place    | Note
-------+----------+-------------------------------------------
     0 | D:1      | dohliylev the Minotaur Berserker began the quest for the
                  | Orb.
     0 | D:1      | Reached XP level 1. HP: 19/19 MP: 0/0
   239 | D:1      | Reached XP level 2. HP: 25/26 MP: 1/1
   340 | D:1      | Reached skill level 4 in Axes
   890 | D:2      | Reached XP level 3. HP: 22/34 MP: 2/2
  1045 | D:2      | Found an opulent altar of Gozag.
  1089 | D:2      | Noticed Robin
  1101 | D:2      | Killed Robin
  1119 | D:2      | Reached XP level 4. HP: 34/41 MP: 3/3
  1393 | D:2      | Reached skill level 5 in Axes
  1472 | D:2      | Reached ** piety under Trog
  1530 | D:2      | Noticed Natasha
  1533 | D:2      | Killed Natasha
  1534 | D:2      | Reached skill level 5 in Fighting
  1601 | D:2      | Noticed Natasha
  1604 | D:2      | Killed Natasha
  1657 | D:2      | Reached XP level 5. HP: 48/48 MP: 4/4
  1933 | D:3      | Noticed a wyvern
  1933 | D:3      | Noticed kuzco6543's ghost (amateur OgAE)
  1935 | D:3      | Found a transporter.
  1955 | D:3      | Found a transporter.
  2053 | D:3      | Reached skill level 6 in Axes
  2148 | D:3      | You fall into a shaft and drop 2 floors!
  2148 | D:5      | Entered Level 5 of the Dungeon
  2299 | D:5      | Reached XP level 6. HP: 51/57 MP: 5/5
  2364 | D:5      | Reached skill level 7 in Axes
  2701 | D:4      | Reached skill level 8 in Axes
  2701 | D:4      | Reached XP level 7. HP: 59/64 MP: 6/6
  3128 | D:3      | Found a burning altar of Makhleb.
  3320 | D:4      | Reached *** piety under Trog
  3481 | D:4      | Reached skill level 9 in Axes
  3545 | D:4      | Found Gujibekh's Mass Market.
  3659 | D:4      | Found Hyatwiup's Magic Scroll Emporium.
  4451 | D:6      | Reached XP level 8. HP: 68/73 MP: 7/7
  4530 | D:6      | Reached skill level 10 in Axes
  5250 | D:7      | Reached skill level 11 in Axes
  5440 | D:7      | Found a staircase to the Ecumenical Temple.
  5687 | D:7      | Reached XP level 9. HP: 81/81 MP: 8/8
  5833 | D:7      | Got an ichor-stained ring mail
  5844 | D:7      | Identified the cursed +1 ring mail "Dugiu" {Str+5 Dex-5}
                  | (You found it on level 7 of the Dungeon)
  6268 | Temple   | Entered the Ecumenical Temple
  6358 | D:8      | Found an ornate altar of the Wu Jian Council.
  6399 | D:8      | Reached skill level 12 in Axes
  6466 | D:8      | Reached skill level 5 in Armour
  6532 | D:8      | Noticed a two-headed ogre
  6540 | D:8      | Killed a two-headed ogre
  6540 | D:8      | Reached **** piety under Trog
  6541 | D:8      | Reached skill level 1 in Shields
  6878 | D:8      | Reached skill level 13 in Axes
  7040 | D:8      | Noticed Grum
  7049 | D:8      | Reached XP level 10. HP: 91/91 MP: 9/9
  7054 | D:8      | Killed Grum
  7680 | D:9      | Found a blossoming altar of Fedhas.
  7909 | D:9      | Noticed a two-headed ogre
  7917 | D:9      | Killed a two-headed ogre
  7918 | D:9      | Reached skill level 14 in Axes
  8303 | D:9      | You fall into a shaft and drop 1 floor!
  8303 | D:10     | Entered Level 10 of the Dungeon
  8387 | D:10     | Reached skill level 5 in Shields
  8413 | D:10     | Reached skill level 10 in Fighting
  8433 | D:10     | Found a staircase to the Lair.
  9025 | D:10     | Reached XP level 11. HP: 97/97 MP: 10/10
  9328 | D:10     | Reached ***** piety under Trog
  9463 | D:9      | HP: 5/100 [something (5)]
  9467 | D:9      | Slain by an unseen horror

Illustrated notes

Levels and vault maps discovered:
D:1:      dpeg_arrival_ratfight, layout_loops_ring
D:2:      layout_loops_ring, nicolae_gozag_seed_capital, uniq_robin,
          uniq_natasha
D:3:      layout_basic, gammafunk_ghost_arena, makhleb_heckhound_becter
D:4:      layout_rooms, serial_shops, kennysheep_little_box, minmay_shop_mass,
          grunt_ministairs_12
D:5:      wad_woods_tower, layout_basic, eino_tiny_chamber
D:6:      layout_gridville
D:7:      layout_loops_ring, minmay_temple_entry_crystal_x
D:8:      layout_basic, basic_altar, minmay_door_square, nicolae_two_hexagons,
          uniq_grum
D:9:      layout_loops_corners, hiddenorc1_lemuel, fedhas_altar_2
D:10:     layout_roguey, erik_lair_orcish_takeover, small_statue_alley_a,
          corexii_leaking_fountain
Temple:   kilobyte_greek_temple

Skill      XL: |  1  2  3  4  5  6  7  8  9 10 11 |
---------------+----------------------------------+-----
Fighting       | 4 5 6 7 8 9 10 | 10.3
Axes           | 4 5 6 8 9 11 13 14 | 14.9
Armour         | 4 6 |  6.9
Shields        | 2 5 6 |  6.1
Dodging        | 3 4 |  4.8

Action                   |  1- 3 |  4- 6 |  7- 9 | 10-12 || total
-------------------------+-------+-------+-------+-------++-------
Melee: Hand axe          |    69 |    55 |       |       ||   124
       Headbutt          |    12 |    20 |    44 |    48 ||   124
       War axe           |       |    34 |   232 |       ||   266
       Broad axe         |       |       |    13 |   280 ||   293
Invok: Berserk           |     1 |       |     8 |     7 ||    16
       Trog's Hand       |       |       |       |     4 ||     4
Armor: Animal skin       |     4 |       |       |       ||     4
       Plate armour      |    17 |    37 |    18 |       ||    72
       Chain mail        |       |       |    25 |       ||    25
       Ring mail         |       |       |    10 |    47 ||    57
Dodge: Dodged            |    42 |    73 |   154 |   107 ||   376
Block: Tower shield      |       |       |    42 |   216 ||   258
